 Dungeon Crawl Stone Soup version 0.26-a0-597-gb535b0901c (webtiles) character file.

Game seed: 15250149317446913995

37046 Lugonue the Thaumaturge (level 13, -3/95 HPs)
             Began as a Purple Draconian Transmuter on Sept 8, 2020.
             Was an Elder of Sif Muna.
             Slain by a guardian serpent (9 damage)
             ... on level 6 of the Lair of Beasts.
             The game lasted 00:53:05 (26419 turns).

Lugonue the Thaumaturge (DrTm)                     Turns: 26419, Time: 00:53:06

Health: -3/95      AC:  8    Str: 16    XL:     13   Next: 56%
Magic:  11/27      EV: 15    Int: 16    God:    Sif Muna [****..]
Gold:   839        SH:  0    Dex: 13    Spells: 3/39 levels left

rFire    . . .     SeeInvis .     - Unarmed
rCold    . . .     Faith    .   (shield currently unavailable)
rNeg     + . .     Spirit   .   (armour unavailable)
rPois    .         Reflect  .   (helmet restricted)
rElec    .         Harm     .   I - scarf {+Inv}
rCorr    .                      (gloves currently unavailable)
MR       +....                  (no boots)
Stlth    +++.......             w - amulet of regeneration
HPRegen  0.65/turn              b - ring of wizardry
MPRegen  0.20/turn              t - ring of positive energy

@: about to teleport, blade hands (expiring)
A: breathe power, unfitting armour, antennae 1, talons 1, agile 1, low mp 1,
cold-blooded, MP-powered wands, AC +8
a: Breathe Dispelling Energy, End Transformation, Channel Magic, Forget Spell,
Divine Exegesis, Renounce Religion, Evoke Invisibility


You were on level 6 of the Lair of Beasts.
You worshipped Sif Muna.
Sif Muna was greatly pleased with you.
You had blades for hands.
You visited 3 branches of the dungeon, and saw 18 of its levels.

You collected 839 gold pieces.

Inventory:

Missiles
 l - 4 throwing nets (quivered)
 r - 113 poisoned darts
 B - 8 javelins
Armour
 g - a +1 cloak
 o - the +0 pair of gloves of Indomitability (melded) {*Slow Int+7}
   (You found it on level 3 of the Lair of Beasts)

   It affects your intelligence (+7).
   It may slow you when you take damage.
 I - a scarf of invisibility (worn)
 J - a +1 pair of gloves
Magical Staves
 y - an uncursed staff of death
Jewellery
 a - an uncursed amulet of guardian spirit
 b - a ring of wizardry (left scythe-like blade)
 t - a ring of positive energy (right scythe-like blade)
 w - an amulet of regeneration (around neck)
Wands
 n - a wand of random effects (12)
 v - a wand of polymorph (8)
 F - a wand of acid (4)
 K - a wand of paralysis (17)
Scrolls
 d - 9 scrolls of remove curse
 f - a scroll of teleportation
 q - 3 scrolls of enchant weapon
 u - a scroll of fog
 x - 2 scrolls of identify
 D - a scroll of amnesia
 E - 2 scrolls of immolation
 M - a scroll of enchant armour
Potions
 c - a potion of berserk rage
 e - 2 potions of stabbing
 h - a potion of mutation
 i - 3 potions of lignification
 j - 2 potions of curing
 k - 3 potions of brilliance
 m - a potion of magic
 p - 5 potions of might
 s - 2 potions of flight
 A - a potion of ambrosia
 H - a potion of cancellation


   Skills:
 + Level 3.5 Fighting
 + Level 5.8 Dodging
 * Level 5.5 Stealth
 + Level 11.8 Unarmed Combat
 + Level 13.7 Spellcasting
 + Level 2.2 Hexes
 + Level 2.2 Summonings
 + Level 11.4 Transmutations
 - Level 1.0 Ice Magic
 - Level 2.0 Poison Magic
 - Level 5.0 Invocations
 - Level 5.0 Evocations


You had 3 spell levels left.
You knew the following spells:

 Your Spells              Type           Power        Failure   Level
a - Corona                Hex            ###....      10%         1
c - Spider Form           Tmut/Pois      ####......   7%          3
d - Ice Form              Ice/Tmut       ####....     13%         4
e - Blade Hands           Tmut           #####.....   8%          5
f - Confusing Touch       Hex            ###.....     17%         3
g - Tukima's Dance        Hex            ###.....     17%         3
h - Ensorcelled Hibernat  Hex/Ice        ###...       13%         2
i - Fulminant Prism       Conj/Hex       ##........   45%         4
j - Blink                 Tloc           N/A          21%         2
k - Yara's Violent Unrav  Hex/Tmut       ####......   21%         5
l - Summon Ice Beast      Ice/Summ       ###.....     41%         4

Your spell library contained the following spells:

 Spells                   Type           Power        Failure   Level
 Beastly Appendage        Tmut           #####.       2%          1
 Wereblood                Tmut           #####...     2%          2
 Summon Small Mammal      Summ           ###.         10%         1
 Call Imp                 Summ           ###.....     12%         2
 Animate Skeleton         Necr           ##....       16%         1
 Apportation              Tloc           ##....       16%         1
 Call Canine Familiar     Summ           ###.....     17%         3
 Summon Guardian Golem    Hex/Summ       ###.....     17%         3
 Dazzling Flash           Conj/Hex       ##....       22%         3
 Gell's Gravitas          Tloc           ##........   30%         3
 Lesser Beckoning         Tloc           ##........   30%         3
 Teleport Other           Tloc           ##......     30%         3
 Cause Fear               Hex            ###.......   34%         4
 Summon Lightning Spire   Summ/Air       ##......     45%         4
 Passage of Golubria      Tloc           N/A          56%         4
 Silence                  Hex/Air        ##........   71%         5
 Iskenderun's Battlesphe  Conj           ##......     82%         5
 Lightning Bolt           Conj/Air       ##........   82%         5
 Death Channel            Necr           ##........   99%         6
 Haunt                    Necr/Summ      ##........   100%        7
 Orb of Destruction       Conj           ##........   100%        7
 Discord                  Hex            ###.......   100%        8


Dungeon Overview and Level Annotations

Branches:
Dungeon (11/15)            Temple (1/1) D:5            Lair (6/6) D:11
 Shoals (0/4) Lair:2       Spider (0/4) Lair:4          Orc (0/2) D:9
  Slime: Lair:5-6

Altars:
Ashenzari
Dithmenos
Elyvilon
Fedhas
Gozag
Hepliaklqana
Kikubaaqudgha
Makhleb
Nemelex Xobeh
Okawaru
Qazlal
Ru
Sif Muna
Trog
Uskayaw
Vehumet
Wu Jian
Xom
Zin
The Shining One

Annotations:
Lair:1 exclusion: 3 oklob plants


Innate Abilities, Weirdness & Mutations

You can breathe bolts of dispelling energy.
Your rich purple scales are hard. (AC +8)
You cannot fit into any form of body armour.
You are cold-blooded and may be slowed by cold attacks.
You have a pair of small antennae on your head.
You have sharp toenails.
You are agile. (Dex +2)
Your magical capacity is low. (-10% MP)
You expend magic power (3 MP) to strengthen your wands.


Message History

You see here 14 gold pieces.
As you read the scroll of teleportation, it crumbles to dust.
You feel strangely unstable.
The black mamba hisses angrily.
The wolf spider closely misses you.
The wolf spider bites you but does no damage.
The guardian serpent misses you. The wolf spider hits you!
* * * LOW HITPOINT WARNING * * *
The wolf spider closely misses you. The guardian serpent misses you.
The black mamba hisses angrily.
Okay, then.
Unknown command.
Okay, then.
Unknown command.
You feel better. The wolf spider hits you!
* * * LOW HITPOINT WARNING * * *
The wolf spider bites you.
* * * LOW HITPOINT WARNING * * *
The guardian serpent hits you!
You die...

###
##[####[##
#S@SsF!$.#
##ssS)$.##
#...$..#
##....##
....#
#..## ..#
..#


You could see a wolf spider, a guardian serpent, 2 black mambas, a cane toad and
2 redbacks.

Vanquished Creatures
  Fannar (Lair:1)
  Erica (D:9)
  6 hydras
  A catoblepas (Lair:3)
  3 death yaks (D:11)
  An ugly thing (D:11)
  8 elephants (Lair:6)
  5 black mambas
  A centaur skeleton (D:11)
  13 cane toads
  5 komodo dragons
  3 trolls
  Grinder (D:5)
  2 hornets
  13 blink frogs
  4 hippogriffs
  4 wyverns (Lair:6)
  A vampire (D:11)
  2 wraiths
  2 shadows (D:9)
  Sigmund (D:3)
  A basilisk (Lair:2)
  21 yaks
  Grum (D:9)
  18 water moccasins
  8 porcupines
  5 sky beasts
  6 black bears
  2 orc warriors (D:11)
  3 ice beasts
  3 ogres
  A necrophage (D:5)
  8 wolves
  2 phantoms
  6 centaurs
  6 crocodiles
  2 big kobolds
  16 bullfrogs
  Blork the orc (D:5)
  A gnoll sergeant (D:9)
  2 scorpions
  8 killer bees
  A troll zombie (D:9)
  6 wights
  2 electric eels (Lair:3)
  6 howler monkeys
  2 bullfrog zombies
  3 jellies
  Crazy Yiuf (D:3)
  4 orc priests
  3 bullfrog skeletons
  11 orc wizards
  2 hounds
  An iguana (D:5)
  8 worker ants
  A killer bee zombie (D:9)
  A nameless horror (Lair:4)
  7 ogre zombies (D:9)
  A hound zombie (D:4)
  2 hound skeletons
  2 worker ant zombies
  Robin (D:2)
  19 gnolls
  A howler monkey skeleton (D:5)
  8 adders
  2 white imps
  An ufetubus (D:7)
  An adder skeleton (D:7)
  An adder zombie (D:6)
  2 worms
  8 leopard geckos
  53 orcs
  5 bats
  4 giant cockroaches
  13 goblins
  10 hobgoblins
  11 jackals
  6 quokkas
  A ball python (D:7)
  3 frilled lizards
  3 goblin zombies (D:9)
  6 hobgoblin skeletons (D:9)
  A hobgoblin zombie (D:9)
  A jackal skeleton (D:4)
  17 kobolds
  A leopard gecko skeleton (D:5)
  2 orc skeletons (D:9)
  12 orc zombies (D:9)
  9 rats
  A butterfly (D:4)
  A fulminant prism (Lair:1)
467 creatures vanquished.

Vanquished Creatures (collateral kills)
  A jumping spider (Lair:4)
  A hippogriff (Lair:4)
  A yak (Lair:6)
  A porcupine (Lair:4)
  2 crocodiles
  An electric eel (Lair:4)
7 creatures vanquished.

Vanquished Creatures (others)
  2 dancing weapons (D:11)
  7 fulminant prisms (Lair:1)
  58 fungi
  79 plants
146 creatures vanquished.

Grand Total: 620 creatures vanquished

Notes
Turn   | Place    | Note
-------+----------+-------------------------------------------
     0 | D:1      | Lugonue the Draconian Transmuter began the quest for the
                  | Orb.
     0 | D:1      | Reached XP level 1. HP: 16/16 MP: 3/3
   389 | D:1      | Reached XP level 2. HP: 23/23 MP: 3/5
  1061 | D:2      | Reached XP level 3. HP: 18/28 MP: 4/6
  1413 | D:2      | Found a hazy altar of Hepliaklqana.
  1628 | D:2      | Noticed Robin
  1657 | D:2      | Killed Robin
  1657 | D:2      | Reached XP level 4. HP: 18/35 MP: 5/7
  1977 | D:2      | Found a glowing golden altar of the Shining One.
  2328 | D:3      | Found an iron altar of Okawaru.
  2358 | D:3      | Noticed Sigmund
  2398 | D:2      | Learned a level 2 spell: Wereblood
  2402 | D:2      | Learned a level 3 spell: Spider Form
  2759 | D:3      | Reached XP level 5. HP: 24/40 MP: 5/9
  2957 | D:3      | HP: 1/40 [something/puff of flame (11)]
  3371 | D:3      | Killed Sigmund
  3371 | D:3      | Reached skill level 5 in Unarmed Combat
  3371 | D:3      | Reached skill level 3 in Spellcasting
  3371 | D:3      | Reached XP level 6. HP: 21/47 MP: 7/10
  3740 | D:3      | Learned a level 4 spell: Ice Form
  3841 | D:3      | Reached skill level 1 in Poison Magic
  3986 | D:3      | Found a runed translucent door.
  3987 | D:3      | Noticed Crazy Yiuf
  4043 | D:3      | Killed Crazy Yiuf
  4463 | D:4      | Found a shimmering altar of Xom.
  4760 | D:4      | Your scales start taking on a rich purple colour.
  4760 | D:4      | Reached skill level 4 in Spellcasting
  4760 | D:4      | Reached XP level 7. HP: 52/52 MP: 9/13
  5405 | D:4      | Found a shadowy altar of Dithmenos.
  5499 | D:5      | Entered Level 5 of the Dungeon
  5507 | D:4      | Reached skill level 1 in Stealth
  5701 | D:4      | Learned a level 5 spell: Blade Hands
  5804 | D:5      | Noticed Grinder
  5815 | D:5      | Killed Grinder
  5815 | D:5      | Reached skill level 5 in Spellcasting
  5815 | D:5      | Reached XP level 8. HP: 52/59 MP: 11/15
  5828 | D:5      | Reached skill level 5 in Transmutations
  6194 | D:5      | Reached skill level 6 in Spellcasting
  6231 | D:5      | Found a staircase to the Ecumenical Temple.
  6247 | Temple   | Entered the Ecumenical Temple
  6367 | Temple   | Became a worshipper of Sif Muna the Loreminder
  7150 | D:5      | Found a hide-covered altar of Uskayaw.
  7325 | D:5      | Noticed Blork the orc
  7337 | D:5      | Killed Blork the orc
  7350 | D:5      | Found a shimmering blue altar of Sif Muna.
  7560 | D:6      | Reached * piety under Sif Muna
  7866 | D:6      | Reached XP level 9. HP: 67/67 MP: 14/19
  8003 | D:6      | Reached skill level 7 in Spellcasting
  8633 | D:7      | Found an ancient bone altar of Kikubaaqudgha.
  8892 | D:8      | Reached skill level 8 in Spellcasting
  8892 | D:8      | Reached skill level 1 in Ice Magic
  9008 | D:8      | Reached ** piety under Sif Muna
  9554 | D:8      | Found an ornate altar of the Wu Jian Council.
  9790 | D:8      | Reached XP level 10. HP: 73/73 MP: 18/22
 10183 | D:9      | Noticed Grum
 10278 | D:9      | HP: 3/73 [gnoll/+0 halberd (5)]
 10286 | D:9      | Found a radiant altar of Vehumet.
 10478 | D:9      | Killed Grum
 10633 | D:9      | Reached skill level 9 in Spellcasting
 10697 | D:9      | Reached *** piety under Sif Muna
 11609 | D:9      | Learned a level 1 spell: Corona
 11639 | D:9      | Found a staircase to the Orcish Mines.
 11905 | D:9      | Reached skill level 10 in Spellcasting
 12295 | D:9      | Found a white marble altar of Elyvilon.
 12315 | D:9      | Reached **** piety under Sif Muna
 12374 | D:9      | Noticed a lindwurm
 12379 | D:9      | Noticed a lindwurm
 12384 | D:9      | Noticed Erica
 12385 | D:9      | Noticed a lindwurm
 12404 | D:9      | Killed Erica
 12706 | D:10     | Entered Level 10 of the Dungeon
 13025 | D:10     | Reached XP level 11. HP: 80/80 MP: 20/25
 14509 | D:11     | Noticed a cyan ugly thing
 14519 | D:11     | Killed a cyan ugly thing
 14519 | D:11     | Reached skill level 10 in Unarmed Combat
 14578 | D:11     | Reached skill level 1 in Evocations
 14586 | D:11     | Reached ***** piety under Sif Muna
 14586 | D:11     | Identified Sif Muna's Disquisition on Dark Arcane Weapons
                  | (Sif Muna gifted it to you on level 11 of the Dungeon)
 14586 | D:11     | Received a gift from Sif Muna
 14595 | D:11     | Learned a level 3 spell: Confusing Touch
 14599 | D:11     | Learned a level 3 spell: Tukima's Dance
 14602 | D:11     | Learned a level 2 spell: Ensorcelled Hibernation
 14951 | D:11     | Reached skill level 11 in Spellcasting
 15325 | D:11     | Noticed a death yak
 15326 | D:11     | Noticed a death yak
 15353 | D:11     | Killed a death yak
 15353 | D:11     | Reached skill level 5 in Dodging
 15354 | D:11     | Reached skill level 1 in Invocations
 15361 | D:11     | Noticed a death yak
 15363 | D:11     | Killed a death yak
 15369 | D:11     | Killed a death yak
 15373 | D:11     | Reached skill level 10 in Transmutations
 15678 | D:11     | Found a staircase to the Lair.
 15685 | D:11     | Reached skill level 1 in Hexes
 15846 | Lair:1   | Entered Level 1 of the Lair of Beasts
 16423 | Lair:1   | Noticed Fannar
 16437 | Lair:1   | Killed Fannar
 16437 | Lair:1   | Reached XP level 12. HP: 66/89 MP: 17/27
 16766 | Lair:1   | Reached skill level 12 in Spellcasting
 18093 | Lair:1   | Learned a level 4 spell: Fulminant Prism
 18720 | Lair:2   | Noticed an eight-headed hydra
 18728 | Lair:2   | Killed an eight-headed hydra
 19271 | Lair:2   | Noticed a seven-headed hydra
 19312 | Lair:2   | Killed a seven-headed hydra
 19312 | Lair:2   | Reached skill level 5 in Evocations
 19790 | Lair:2   | Learned a level 2 spell: Blink
 19950 | Lair:2   | Noticed a four-headed hydra
 19964 | Lair:2   | Killed a four-headed hydra
 20177 | Lair:2   | Found a staircase to the Shoals.
 20344 | Lair:2   | Learned a level 5 spell: Yara's Violent Unravelling
 20820 | Lair:2   | Reached skill level 13 in Spellcasting
 21731 | Lair:3   | Found an ancient bone altar of Kikubaaqudgha.
 22727 | Lair:3   | Got a pair of transparent gloves
 22738 | Lair:3   | Identified the +0 pair of gloves of Indomitability {*Slow
                  | Int+7} (You found it on level 3 of the Lair of Beasts)
 22791 | Lair:4   | Noticed a catoblepas
 22816 | Lair:3   | Killed a catoblepas
 22816 | Lair:3   | Reached XP level 13. HP: 13/94 MP: 3/30
 23432 | Lair:4   | Reached skill level 5 in Invocations
 23796 | Lair:3   | Learned a level 4 spell: Summon Ice Beast
 24647 | Lair:4   | Found a hole to the Spider Nest.
 25224 | Lair:6   | Entered Level 6 of the Lair of Beasts
 25264 | Lair:6   | Reached skill level 1 in Summonings
 25368 | Lair:6   | Reached skill level 5 in Stealth
 26075 | Lair:6   | Gained mutation: You have a pair of small antennae on your
                  | head. [mutagenic glow]
 26100 | Lair:6   | Gained mutation: Scrolls take you a little longer to read.
                  | [mutagenic glow]
 26114 | Lair:6   | Gained mutation: You tend to lose your temper in combat.
                  | [mutagenic glow]
 26194 | Lair:6   | Lost mutation: Scrolls take you a little longer to read.
                  | [potion of mutation]
 26194 | Lair:6   | Lost mutation: You tend to lose your temper in combat.
                  | [potion of mutation]
 26194 | Lair:6   | Gained mutation: You expend magic power (3 MP) to
                  | strengthen your wands. [potion of mutation]
 26194 | Lair:6   | Gained mutation: Your magical capacity is low. (-10% MP)
                  | [potion of mutation]
 26194 | Lair:6   | Gained mutation: You are agile. (Dex +2) [potion of
                  | mutation]
 26194 | Lair:6   | Gained mutation: You have sharp toenails. [potion of
                  | mutation]
 26406 | Lair:6   | HP: 4/95 [death yak (27)]
 26419 | Lair:6   | Slain by a guardian serpent

Illustrated notes

Levels and vault maps discovered:
D:1:      doesnt_arrival_eight_statues, layout_basic
D:2:      layout_basic, overflow_temple_1_default, marbit_many_paths, uniq_robin
D:3:      layout_rooms, roderic_lattice_a, lemuel_altar_in_water,
          uniq_crazy_yiuf_cottage, uniq_sigmund
D:4:      layout_basic, xom_butterflies, grunt_dithmenos_smoke
D:5:      layout_rooms, nicolae_overflow_hidden_temple,
          minmay_temple_entry_junction_2, minmay_misc_feat_columns,
          hangedman_abyss_or_decor_stabs, tgw_sif, uniq_grinder
D:6:      layout_rooms, kennysheep_generic_room_2, uniq_blork_the_orc
D:7:      layout_rooms, kennysheep_mini
D:8:      layout_loops_ring, lemuel_crystal_altar, minmay_misc_feat_enclosed
D:9:      layout_basic, lemuel_doored_altar, vehumet_crystals,
          zombieorc2_lemuel, minmay_lindwurm_lava, uniq_erica, uniq_grum
D:10:     layout_stronghold, serial_column_ruins, column_ruins_columns_straight,
          column_ruins_grid_1, column_ruins_grid_4, column_ruins_grid_3,
          column_ruins_open_small_water, kennysheep_generic_room_10
D:11:     layout_loops_ring, dpeg_lair_monsters
Temple:   minmay_temple_bridge_abc
Lair:1:   layout_chaotic_city, beast_lair_carwin_9, grunt_megastairs_1,
          minmay_lair_oklob_chamber, uniq_fannar
Lair:2:   layout_hall_layers, elwin_shoals_entry_rocks, serial_bayou_shore_b
Lair:3:   layout_gridlike, basic_altar, hangedman_lair_unloving_vines,
          nicolae_quartered_pool_medium
Lair:4:   layout_cave_pods, spider_nest_entry_rubble, serial_bayou_shore_a
Lair:5:   layout_gridlike, minmay_slime_entry_oklob_open, portal_ice_cave_rime,
          grunt_megastairs_4
Lair:6:   hangedman_lair_tendril_chambers, layout_gridlike,
          chequers_serial_rivers_micro_c, minivault_25, lemuel_fruit_fields

Skill      XL: |  1  2  3  4  5  6  7  8  9 10 11 12 13 |
---------------+----------------------------------------+-----
Dodging        | 2 3 4 5 |  5.8
Unarmed Combat | 4 5 6 7 8 9 10 11 | 11.8
Transmutations | 3 4 6 7 9 10 11 | 11.4
Spellcasting   | 3 4 5 6 8 10 11 13 | 13.7
Poison Magic   | 1 2 |  2.0
Stealth        | 1 2 4 5 |  5.5
Fighting       | 2 3 |  3.5
Ice Magic      | 1 |  1.0
Evocations     | 3 5 |  5.0
Invocations    | 2 4 5 |  5.0
Hexes          | 1 2 |  2.2
Summonings     | 2 |  2.2

Action                   |  1- 3 |  4- 6 |  7- 9 | 10-12 | 13-15 || total
-------------------------+-------+-------+-------+-------+-------++-------
Melee: Unarmed           |   106 |   183 |   281 |   641 |   174 ||  1385
       Kick              |    18 |    10 |     6 |     1 |    10 ||    45
       Headbutt          |    10 |     4 |     7 |       |       ||    21
       Tailslap          |     6 |    12 |     7 |    65 |    12 ||   102
       Punch             |       |     2 |     1 |    12 |     4 ||    19
 Cast: Beastly Appendage |    20 |     9 |     6 |     3 |       ||    38
       Spider Form       |       |    17 |    19 |     3 |       ||    39
       Ice Form          |       |       |    13 |    13 |     7 ||    33
       Blade Hands       |       |       |     4 |   100 |    10 ||   114
       Wereblood         |       |       |     2 |    10 |     2 ||    14
       Tukima's Dance    |       |       |       |     3 |       ||     3
       Confusing Touch   |       |       |       |     6 |       ||     6
       Fulminant Prism   |       |       |       |     8 |       ||     8
       Corona            |       |       |       |     3 |       ||     3
       Yara's Violent Un |       |       |       |     1 |     2 ||     3
       Ensorcelled Hiber |       |       |       |     1 |       ||     1
       Summon Ice Beast  |       |       |       |       |    41 ||    41
Invok: Channel Magic     |       |       |       |     1 |     3 ||     4
 Abil: End Transformatio |       |     4 |     8 |     8 |     2 ||    22
       Breathe Dispellin |       |       |     3 |     5 |       ||     8
       Evoke Invisibilit |       |       |       |     8 |     5 ||    13
Evoke: Wand              |       |       |     5 |    19 |     3 ||    27
  Use: Scroll            |       |     6 |    10 |     6 |    12 ||    34
       Potion            |       |     3 |       |     6 |     6 ||    15
 Stab: Sleeping          |       |       |     1 |     2 |       ||     3
       Paralysed         |       |       |       |     2 |       ||     2
       Invisible         |       |       |       |     6 |     2 ||     8
       Confused          |       |       |       |     3 |       ||     3
       Distracted        |       |       |       |       |     1 ||     1
Armor: Skin              |    23 |    22 |    43 |   115 |    90 ||   293
Dodge: Dodged            |    56 |   111 |   220 |   324 |   103 ||   814

Table legend: (Time is in decaauts)
 A = Elapsed time spent in this place.
 B = Non-inter-level travel time spent in this place.
 C = Inter-level travel time spent in this place.
 D = Time resting spent in this place.
 E = Time spent auto-exploring this place.
 F = Levels seen in this place.
 G = Mean time per level.
                   A        B        C        D        E       F      G
               +--------+--------+--------+--------+--------+-----+--------+
         Total |  26232 |  25519 |    713 |   5770 |  15696 |  18 | 1457.3 |
       Dungeon |  15998 |  15619 |    379 |   2398 |  10613 |  11 | 1454.4 |
        Temple |    144 |    123 |     21 |      0 |    113 |   1 |  144.0 |
          Lair |  10088 |   9775 |    313 |   3372 |   4969 |   6 | 1681.3 |
               +--------+--------+--------+--------+--------+-----+--------+

Top non-repeatable levels by time:
  Lair:1: 2857 daAuts
     D:9: 2535 daAuts
  Lair:3: 2273 daAuts
    D:11: 2184 daAuts
  Lair:2: 2052 daAuts
  Lair:4: 1687 daAuts
     D:2: 1627 daAuts
     D:4: 1566 daAuts
     D:5: 1519 daAuts
     D:3: 1486 daAuts
    D:10: 1355 daAuts
     D:8: 1244 daAuts
  Lair:6: 1168 daAuts
     D:1: 1045 daAuts
     D:7: 843 daAuts
